 Dungeon Crawl Stone Soup version 0.32-a0-12-g7fc57aa741 (webtiles) character file.

Game seed: 15136546773231663770

63 kae the Firebug (level 4, -3/24 HPs)
             Began as a Tengu Fire Elementalist on Jan 14, 2024.
             Killed by divine providence
             ... invoked by an orc priest
              (13 damage)
             ... on level 2 of the Dungeon on Jan 16, 2024.
             The game lasted 00:02:36 (1701 turns).

kae the Firebug (Tengu Fire Elementalist)           Turns: 1701, Time: 00:02:37

Health: -3/24      AC:  3    Str:  9    XL:     4   Next: 10%
Magic:  7/8        EV: 27    Int: 17    God:
Gold:   47         SH:  0    Dex: 14    Spells: 1/7 levels left

rFire   . . .        c - +0 dagger
rCold   . . .        (no shield)
rNeg    . . .        a - +0 robe
rPois   .            (helmet restricted)
rElec   .            (no cloak)
rCorr   .            f - +0 pair of gloves
SInv    .            (boots unavailable)
Will    .....        (no amulet)
Stlth   ++           (no ring)
HPRegen 0.24/turn    (no ring)
MPRegen 0.11/turn

%: acrobat
@: lethally poisoned (-3 -> -10), acrobatic
A: beak, talons 3, acrobatic
a: no special abilities


You were on level 2 of the Dungeon.
You visited 1 branch of the dungeon, and saw 2 of its levels.

You collected 47 gold pieces.


Innate Abilities, Weirdness & Mutations

You have a beak for a mouth.
You have claws for feet.
You can magically evade attacks while moving or waiting.


   Skills:
 - Level 2.1 Dodging
 - Level 2.0 Stealth
 + Level 2.4 Spellcasting
 * Level 3.3 Conjurations
 * Level 4.2 Fire Magic


You had one spell level left.
You knew the following spells:

 Your Spells              Type           Power      Damage    Failure   Level
a - Foxfire               Conj/Fire      56%        2x1d6     4%          1
b - Scorch                Fire           32%        2d6       4%          2
c - Inner Flame           Hex/Fire       9%         N/A       24%         3

Your spell library contained the following spells:

 Spells                   Type           Power      Damage    Failure   Level
 Volatile Blastmotes      Fire/Tloc      18%        2d11      24%         3
 Flame Wave               Conj/Fire      14%        2d6       36%         4
 Sticky Flame             Fire/Alch      9%         2d5       61%         4

Inventory:

Hand Weapons
 c - a +0 dagger (weapon)
   (You took it off a kobold on level 1 of the Dungeon)
Missiles
 d - 16 stones
Armour
 a - a +0 robe (worn)
 f - a +0 pair of gloves (worn)
   (You found it on level 1 of the Dungeon)
Jewellery
 g - an amulet of magic regeneration
   (You found it on level 2 of the Dungeon)
Potions
 b - a potion of magic
 e - a potion of heal wounds {unknown}

Dungeon Overview and Level Annotations

Branches:
Dungeon (2/15) Zot: 10295

Altars:

###.# #####..#.#
# . #...#.# #
########.#...#
.........#...#
.############..#
...###### #..#
##o.....# #..##
........#####...#
....o.Ko..@.....#
###o....#####...#
#.....# #...#
#.....# #...#
####### #...#
#####


You could see an orc priest, an orc wizard, an orc and a kobold.


Message History

Your mp is fully restored (8).
A frilled lizard is nearby!
A frilled lizard is nearby!
A frilled lizard is nearby!
Found an escape hatch in the ceiling.
A hobgoblin comes into view.
The helpless frilled lizard fails to defend itself.
You puncture the frilled lizard!
You kill the frilled lizard!
Casting: Foxfire (safe; 4% risk of failure)
Confirm with . or Enter, or press ? or * to list all spells.
You conjure some foxfire!
The foxfire hits the hobgoblin. x2
You kill the hobgoblin! 😎 MP[-1]
You lost 1 mp, and now have 7/8 mp.
Found a stone staircase leading down. 😎 MP[+1]
Your mp is fully restored (8).
A kobold comes into view. It is wielding a +0 club.
A kobold is nearby!
A kobold is nearby!
Found a stone staircase leading down.
Casting: Foxfire (safe; 4% risk of failure)
Confirm with . or Enter, or press ? or * to list all spells.
You conjure some foxfire!
The foxfire hits the kobold.
The kobold shouts!
The foxfire hits the kobold. 😎 MP[-1]
You lost 1 mp, and now have 7/8 mp.
A kobold is nearby!
A kobold is nearby!
Casting: Foxfire (safe; 4% risk of failure)
Confirm with . or Enter, or press ? or * to list all spells.
You conjure some foxfire!
The kobold hits you but does no damage.
The foxfire hits the kobold.
You kill the kobold! 😎 MP[-1]
You lost 1 mp, and now have 6/8 mp.
A quokka comes into view. 😎 MP[+2]
Your mp is fully restored (8).
A quokka is nearby!
A quokka is nearby!
Casting: Foxfire (safe; 4% risk of failure)
Confirm with . or Enter, or press ? or * to list all spells.
You conjure some foxfire! 😎 MP[-1]
You lost 1 mp, and now have 7/8 mp.
Casting: Foxfire (safe; 4% risk of failure)
Confirm with . or Enter, or press ? or * to list all spells.
You conjure some foxfire!
The foxfire hits the quokka. x2
You kill the quokka!
A kobold comes into view.
It is wielding a +2 dagger of venom and quivering poisoned darts. 😎 MP[+1]
Your mp is fully restored (8).
A kobold is nearby!
A kobold is nearby!
An orc wizard comes into view. It is wielding a +0 dagger.
The kobold shouts!
You hear a shout! x2
The kobold throws a poisoned dart.
The poisoned dart completely misses you.
An orc priest comes into view. It is wielding a +0 dagger.
The orc wizard shouts!
An orc comes into view. It is wielding a +0 dagger.
The kobold throws a poisoned dart.
The poisoned dart completely misses you.
Casting: Foxfire (safe; 4% risk of failure)
Confirm with . or Enter, or press ? or * to list all spells.
You conjure some foxfire!
The foxfire hits the orc wizard. x2
An orc comes into view. It is wielding a +0 flail. 😎 MP[-1]
You lost 1 mp, and now have 7/8 mp.
Okay, then.
You aren't carrying any items that you can evoke.
Unknown command.
You aren't carrying any scrolls.
Unknown command.
Okay, then.
Okay, then.
You aren't carrying any scrolls.
Unknown command.
Okay, then.
The orc priest mumbles some strange prayers to Beogh against you.
Beogh smites you!
Ouch! That really hurt!
* * * LOW HITPOINT WARNING * * *
The kobold throws a poisoned dart.
The poisoned dart hits you!
You are poisoned.
The orc shouts! 😨 HP[-13]
You take 13 damage, and now have 11/24 hp.
MASSIVE DAMAGE!! (PAUSE)
You feel sick.
The orc priest calls down the wrath of Beogh upon you.
Beogh smites you!
Ouch! That really hurt!
You die...

Skill      XL: |  1  2  3 |
---------------+----------+-----
Conjurations   | 2 3 |  3.3
Fire Magic     | 4 |  4.2
Dodging        | |  2.1
Stealth        | |  2.0
Spellcasting   | |  2.4

Action                     |  1- 3 |  4- 6 || total
---------------------------+-------+-------++-------
  Melee: Dagger            |    22 |     2 ||    24
         Kick              |     8 |       ||     8
         Peck              |     3 |       ||     3
         Unarmed           |     1 |       ||     1
         Punch             |     1 |       ||     1
   Cast: Foxfire           |    58 |     6 ||    64
    Use: Scroll            |     3 |       ||     3
   Stab: Sleeping          |     1 |     1 ||     2
 Armour: Robe              |    22 |     1 ||    23
  Dodge: Dodged            |    29 |     2 ||    31

Levels and vault maps discovered:
D:1:      dpeg_arrival_windows_large_door, layout_basic
D:2:      layout_rooms, ebering_ecumenical_altar_abandoned

Notes
Turn   | Place    | Note
-------+----------+-------------------------------------------
     0 | D:1      | kae the Tengu Fire Elementalist began the quest for the
                  | Orb.
     0 | D:1      | Reached XP level 1. HP: 10/10 MP: 4/4
     0 | D:1      | magus.rc [v1.11.3]
    31 | D:1      | You pick up a book of Flames and begin reading...
   305 | D:1      | HP: 2/10 [frozen (5)]
   307 | D:1      | Reached skill level 2 in Conjurations
   307 | D:1      | Reached XP level 2. HP: 3/15 MP: 4/6
   800 | D:1      | magus.rc [v1.11.3]
   896 | D:1      | Reached XP level 3. HP: 19/19 MP: 7/7
   899 | D:1      | Learned a level 2 spell: Scorch
   903 | D:1      | Learned a level 3 spell: Inner Flame
  1208 | D:1      | Reached skill level 4 in Fire Magic
  1275 | D:1      | Reached skill level 3 in Conjurations
  1331 | D:2      | Found a faded altar of an unknown god.
  1411 | D:2      | magus.rc [v1.11.3]
  1511 | D:2      | Reached XP level 4. HP: 24/24 MP: 5/8
  1701 | D:2      | Killed from afar by an orc priest

Vanquished Creatures
  An adder (D:1)
  2 dart slugs
  5 ball pythons
  3 endoplasms
  3 giant cockroaches
  4 goblins
  5 hobgoblins
  4 jackals
  2 quokkas (D:2)
  A bat (D:1)
  6 frilled lizards
  6 kobolds
  6 rats
48 creatures vanquished.

Vanquished Creatures (others)
  102 foxfires
102 creatures vanquished.

Grand Total: 150 creatures vanquished

Table legend:
 A = Non-vault XP
 B = Vault XP
 C = Vault XP percentage of total XP
 D = Non-vault monster count
 E = Vault monster count
 F = Vault count percentage of total count
                 A         B        C        D         E       F
            +---------+---------+-------+---------+---------+-------
      Total |      91 |       0 |   0.0 |      48 |       0 |   0.0
            +---------+---------+-------+---------+---------+-------
        D:1 |      63 |       0 |   0.0 |      33 |       0 |   0.0
        D:2 |      28 |       0 |   0.0 |      15 |       0 |   0.0
            +---------+---------+-------+---------+---------+-------

Skill      XL: |  1  2  3 |
---------------+----------+-----
Conjurations   | 2 3 |  3.3
Fire Magic     | 4 |  4.2
Dodging        | |  2.1
Stealth        | |  2.0
Spellcasting   | |  2.4

Action                     |  1- 3 |  4- 6 || total
---------------------------+-------+-------++-------
  Melee: Dagger            |    22 |     2 ||    24
         Kick              |     8 |       ||     8
         Peck              |     3 |       ||     3
         Unarmed           |     1 |       ||     1
         Punch             |     1 |       ||     1
   Cast: Foxfire           |    58 |     6 ||    64
    Use: Scroll            |     3 |       ||     3
   Stab: Sleeping          |     1 |     1 ||     2
 Armour: Robe              |    22 |     1 ||    23
  Dodge: Dodged            |    29 |     2 ||    31

Illustrated notes

Table legend:
 A = Kills in this place as a percentage of kills in the entire game.
 B = Kills by you in this place as a percentage of kills by you in the entire game.
 C = Kills by friends in this place as a percentage of kills by friends in the entire game.
 D = Other kills in this place as a percentage of other kills in the entire game.
 E = Experience gained in this place as a percentage of experience gained in the entire game.
 F = Experience gained in this place divided by the number of levels of this place that you have seen.
                   A       B       C       D       E      F
               +-------+-------+-------+-------+-------+----------------------
         Total | 100.0 | 100.0 |   N/A |   N/A | 100.0 |  45.5
       Dungeon | 100.0 | 100.0 |   N/A |   N/A | 100.0 |  45.5
               +-------+-------+-------+-------+-------+----------------------

Table legend: (Time is in decaauts)
 A = Elapsed time spent in this place.
 B = Non-inter-level travel time spent in this place.
 C = Inter-level travel time spent in this place.
 D = Time resting spent in this place.
 E = Time spent auto-exploring this place.
 F = Levels seen in this place.
 G = Mean time per level.
                   A        B        C        D        E       F      G
               +--------+--------+--------+--------+--------+-----+--------+
         Total |   1703 |   1688 |     15 |     77 |   1303 |   2 |  851.5 |
       Dungeon |   1703 |   1688 |     15 |     77 |   1303 |   2 |  851.5 |
               +--------+--------+--------+--------+--------+-----+--------+

Top non-repeatable levels by time:
     D:1: 1294 daAuts
     D:2: 409 daAuts
